 Dungeon Crawl Stone Soup version 0.29.1-1-gd02db6906a (webtiles) character file.

Game seed: 10064540664173351829

143 NateTC the Trooper (level 5, -1/51 HPs)
             Began as a Gargoyle Fighter on Oct 17, 2022.
             Slain by an orc
             ... wielding a +0 war axe
              (4 damage)
             ... on level 3 of the Dungeon.
             The game lasted 00:05:17 (2002 turns).

NateTC the Trooper (Gargoyle Fighter)               Turns: 2002, Time: 00:05:17

Health: -1/51      AC: 22    Str: 22    XL:     5   Next: 25%
Magic:  5/5        EV:  2    Int:  8    God:
Gold:   203        SH:  4    Dex:  9    Spells: 4/4 levels left

rFire   . . .      SeeInvis .   a - +1 flail
rCold   . . .      Faith    .   c - +0 buckler
rNeg    + . .      Spirit   .   (body armour currently unavailable)
rPois   ∞          Reflect  .   (helmet currently unavailable)
rElec   .          Harm     .   (cloak currently unavailable)
rCorr   .          Rampage  .   (gloves currently unavailable)
Will    .....      NoTele   +   (boots currently unavailable)
Stlth   +.........              (no amulet)
HPRegen 0.17/turn               (no ring)
MPRegen 0.09/turn               (no ring)

@: tree-form
A: stationary, stasis, torment immunity, boosted hp, sickness immunity, AC +4,
negative energy resistance 1, (electricity resistance), torment resistance 1,
petrification resistance
a: no special abilities


You were on level 3 of the Dungeon.
You were a tree.
You visited 1 branch of the dungeon, and saw 3 of its levels.

You collected 203 gold pieces.

Inventory:

Hand Weapons
 a - a +1 flail (weapon)
Armour
 b - a +0 scale mail (melded)
 c - a +0 buckler (worn)
 p - a +0 helmet (melded)
Wands
 e - a wand of flame (24)
Scrolls
 g - a scroll of noise {unknown}
 i - a scroll of identify
 l - a scroll of magic mapping {unknown}
 o - a scroll of amnesia {unknown}
Potions
 d - a potion of might
 f - a potion of degeneration
 j - a potion of haste


   Skills:
 + Level 4.7 Fighting
 - Level 4.2 Maces & Flails
 - Level 3.2 Armour
 - Level 3.2 Shields


You had 4 spell levels left.
You didn't know any spells.
Your spell library contained the following spells:

 Spells                   Type           Power      Damage    Failure   Level
 Ignite Poison            Fire/Tmut/Pois 0%         N/A       86%         3
 Mephitic Cloud           Conj/Pois/Air  0%         N/A       86%         3
 Freezing Cloud           Conj/Ice/Air   0%         6-21      100%        5


Dungeon Overview and Level Annotations

Branches:
Dungeon (3/15)

Altars:

Annotations:
D:2 1 runed translucent door, Crazy Yiuf


Innate Abilities, Weirdness & Mutations

You are a tree.
Your roots penetrate the ground, keeping you stationary.
You cannot be teleported.
You are immune to unholy pain and torment.
Your maximum health is greatly increased.
Your equipment is partially melded.
You are immune to sickness and miasma.
((Your stone body is resilient. (AC +4)))
You are immune to poison.
You resist negative energy. (rN+)
((You are resistant to electric shocks. (rElec)))
You are resistant to unholy torment.
You are immune to petrification.


Message History

The orc priest is almost dead.
The orc completely misses you. The orc priest closely misses you.
The orc hits you with a +0 war axe. x2
* * * LOW HITPOINT WARNING * * *
The orc closely misses you. The orc priest barely misses you.
You completely miss the orc priest.
The orc priest is almost dead.
The orc priest hits you but does no damage.
The orc hits you with a +0 flail.
* * * LOW HITPOINT WARNING * * *
The orc barely misses you.
You barely miss the orc priest.
The orc priest is almost dead.
The orc hits you but does no damage. You block the orc priest's attack.
The orc barely misses you.
It was a potion of haste.
You feel yourself speed up. The orc hits you with a +0 flail.
* * * LOW HITPOINT WARNING * * *
The orc priest begins to cast a cantrip, but forgets the words!
The orc barely misses you.
You thump the orc priest!
You kill the orc priest!
The orc hits you but does no damage. You block the orc's attack.
You have reached level 5!
It was a potion of brilliance.
You feel clever all of a sudden. You block the orc's attack.
The orc misses you.
It was a potion of cancellation.
Your magical effects are unravelling.
You feel magically purged.
You feel yourself slow down.
You feel a little less clever now.
It was a potion of flight.
You feel very buoyant.
You fly up into the air.
The orc hits you but does no damage. x2
It was a potion of lignification.
You turn into a tree.
Your +0 helmet melds into your body.
Your +0 scale mail melds into your body.
Your roots penetrate the ground.
The orc hits you but does no damage. The orc hits you with a +0 war axe.
You die...

... #.#
#..####.###
#.........#
#.###.†...#
##.........#
#........<.#
..###..?...#
#......#
##o♣)..#
#)o...#
#...###
#.... #.....
#.....#
#.....#
#######


You could see 2 orcs.

Vanquished Creatures
  2 orc priests (D:3)
  Robin (D:2)
  2 dart slugs
  4 endoplasms
  A giant cockroach (D:2)
  10 goblins (D:2)
  11 hobgoblins
  3 jackals (D:1)
  4 kobolds
  3 quokkas
  4 ball pythons
  8 bats
  3 frilled lizards (D:1)
  14 rats
70 creatures vanquished.

Vanquished Creatures (others)
  4 toadstools (D:1)
4 creatures vanquished.

Grand Total: 74 creatures vanquished

Notes
Turn   | Place    | Note
-------+----------+-------------------------------------------
     0 | D:1      | NateTC the Gargoyle Fighter began the quest for the Orb.
     0 | D:1      | Reached XP level 1. HP: 14/14 MP: 1/1
    57 | D:1      | Reached XP level 2. HP: 11/19 MP: 2/2
   356 | D:1      | Reached XP level 3. HP: 14/23 MP: 3/3
   813 | D:2      | Noticed Robin
   840 | D:2      | Killed Robin
   848 | D:2      | Reached XP level 4. HP: 6/28 MP: 4/4
  1253 | D:2      | Found a runed translucent door.
  1254 | D:2      | Noticed Crazy Yiuf
  1344 | D:2      | Found a faded altar of an unknown god.
  1997 | D:3      | HP: 1/29 [orc/+0 flail (1)]
  1999 | D:3      | Reached XP level 5. HP: 1/34 MP: 5/5
  2002 | D:3      | Slain by an orc

Illustrated notes

Levels and vault maps discovered:
D:1:      ldierk_walled_garden_2, layout_rooms, minmay_rat_gold_closets
D:2:      layout_basic, basic_ecumenical_altar, uniq_robin,
          uniq_crazy_yiuf_cottage
D:3:      layout_rooms, nicolae_overflow_hidden_temple

Skill      XL: |  1  2  3  4 |
---------------+-------------+-----
Maces & Flails | 3 4 |  4.2
Fighting       | 4 |  4.7
Armour         | |  3.2
Shields        | |  3.2

Action                   |  1- 3 |  4- 6 || total
-------------------------+-------+-------++-------
Melee: Flail             |   107 |    74 ||   181
  Use: Scroll            |     3 |       ||     3
       Potion            |       |     5 ||     5
Armor: Scale mail        |    62 |    47 ||   109
       Skin              |       |     1 ||     1
Dodge: Dodged            |    52 |    55 ||   107
Block: Buckler           |    18 |    18 ||    36
